 Dungeon Crawl Stone Soup version 0.16.2-3-ga078185 (webtiles) character file.

685 neo the Shield-Bearer (level 7, -14/66 HPs)
             Began as a Deep Dwarf Fighter on Sept 6, 2015.
             Was an Initiate of Makhleb.
             Demolished by an ogre
             ... wielding a +0 giant club
              (22 damage)
             ... on level 5 of the Dungeon.
             The game lasted 00:10:52 (3482 turns).

neo the Shield-Bearer (Deep Dwarf Fighter)          Turns: 3482, Time: 00:10:52

Health: -14/66     AC:  8    Str: 21    XL:     7   Next: 35%
Magic:  7/7        EV:  7    Int:  9    God:    Makhleb [......]
Gold:   159        SH: 10    Dex: 12    Spells: 0 memorised, 6 levels left

rFire  . . .     SeeInvis .     a - +0 war axe
rCold  . . .     Clarity  .     b - +0 scale mail
rNeg   . . .     SustAb   .     c - +0 shield
rPois  .         Gourm    .     (no helmet)
rElec  .         Spirit   .     s - +0 cloak
rCorr  .         Warding  .     (no gloves)
rMut   .         Stasis   .     (no boots)
MR     +....                    (no amulet)
Stlth  ..........               (no ring)
                                h - ring of loudness

@: non-regenerating, somewhat resistant to hostile enchantments, extremely
unstealthy
A: damage resistance, recharge devices, sense surroundings 1, slow healing 3
a: Device Recharging, Renounce Religion


You were on level 5 of the Dungeon.
You worshipped Makhleb.
Makhleb was noncommittal.
You were not hungry.

You visited 2 branches of the dungeon, and saw 6 of its levels.

You collected 159 gold pieces.

Inventory:

Hand weapons
 a - a +0 war axe (weapon)
 w - a +0 flail of holy wrath
Armour
 b - a +0 scale mail (worn)
 c - a +0 shield (worn)
 s - a +0 cloak (worn)
Jewellery
 h - a ring of loudness (left hand)
Magical devices
 d - a wand of heal wounds (0)
Scrolls
 g - 2 scrolls of teleportation
 i - 2 scrolls of blinking
 j - 7 scrolls of remove curse
 u - a scroll of fear
Potions
 l - a potion of haste {unknown}
 n - a potion of curing {unknown}
 o - 3 potions of mutation {unknown}
 r - 2 potions of agility {unknown}
 x - 2 potions of poison {unknown}
 z - a potion of invisibility {unknown}
Comestibles
 f - 4 bread rations
 k - 5 meat rations
 p - 7 fruits
 v - 2 beef jerkies
 A - a royal jelly
 B - 2 chunks of flesh


   Skills:
 + Level 4.6 Fighting
 + Level 4.6 Axes
 + Level 5.4 Armour
 + Level 5.5 Shields


You had 6 spell levels left.
You didn't know any spells.

Dungeon Overview and Level Annotations

Branches:
Dungeon (5/15)             Temple (1/1) D:4

Altars:
Cheibriados
Dithmenos
Elyvilon
Fedhas
Gozag
Kikubaaqudgha
Makhleb
Nemelex Xobeh
Okawaru
Qazlal
Ru
Trog
Vehumet
Xom
Yredelemnul
Zin


Innate Abilities, Weirdness & Mutations

You are resistant to damage.
You can recharge devices by infusing magical energy.
You passively map a small area around you.
You do not heal naturally.


Message History

Okay, then.
A rat comes into view.
You slash the ogre!
The ogre is heavily wounded.
You block the ogre's attack.
You hit the ogre but do no damage.
The ogre is heavily wounded.
The ogre hits you with a giant club!
* * * LOW HITPOINT WARNING * * *
You slash the ogre!
The ogre is almost dead.
The ogre hits you with a giant club!
* * * LOW HITPOINT WARNING * * *
You closely miss the ogre.
The ogre is almost dead.
The ogre hits you with a giant club.
You completely miss the ogre.
The ogre is almost dead.
The ogre hits you with a giant club!!
You die...

....##.....####.# .## #..
#.#.##.......##.# . #...
#)#.......##.##.# *,.#
#... #...#.#.#.##....# ..
#... #.†........###..# .
, ., ..... #...#.#.#..#
#..# .# ... .....
#.#........# #..##.#..#..
#..
..#.#.#.#..####[.r.......
,
..#.............@O..#.#.#
,
...#####...####.##.......
.#. * #...## #.# .#..#. ,
.#. .....## #.#* # ... ,
. . ####.# #.# , .. , #.#
**... * * #.# , ... , , ,
#.# #.#* , ..#* *#.#


You could see an ogre and a rat.

Vanquished Creatures
  Eustachio (D:5)
  An ice beast (D:4)
  A centaur (D:5)
  A quasit (D:5)
  An orc priest (D:5)
  2 hounds
  An orc wizard (D:5)
  A centaur skeleton (D:4)
  3 iguanas (D:5)
  A worker ant (D:4)
  5 adders
  A river rat (D:5)
  3 worms (D:2)
  2 ufetubi (D:5)
  2 adder skeletons (D:4)
  2 oozes
  3 orcs
  A ball python (D:4)
  8 giant cockroaches
  9 goblins
  11 hobgoblins
  3 jackals (D:2)
  5 kobolds
  2 quokkas (D:4)
  6 bats
  3 giant newts
  12 rats
91 creatures vanquished.

Vanquished Creatures (others)
  An orc (D:5)
1 creature vanquished.

Grand Total: 92 creatures vanquished

Notes
Turn   | Place    | Note
--------------------------------------------------------------
     0 | D:1      | neo, the Deep Dwarf Fighter, began the quest for the Orb.
     0 | D:1      | Reached XP level 1. HP: 20/20 MP: 1/1
   333 | D:1      | Reached XP level 2. HP: 27/27 MP: 2/2
   843 | D:2      | Reached XP level 3. HP: 25/34 MP: 3/3
  1236 | D:2      | Reached skill level 4 in Shields
  1236 | D:2      | Reached XP level 4. HP: 27/42 MP: 4/4
  1763 | D:3      | Found a shimmering altar of Xom.
  2347 | D:3      | Found a bloodstained altar of Trog.
  2474 | D:4      | Noticed an ice beast
  2478 | D:4      | Reached XP level 5. HP: 25/49 MP: 5/5
  2495 | D:4      | Killed an ice beast
  2509 | D:4      | Found a blossoming altar of Fedhas.
  2513 | D:4      | Found a stormy altar of Qazlal.
  2667 | D:4      | Reached XP level 6. HP: 30/57 MP: 6/6
  2815 | D:4      | Found a staircase to the Ecumenical Temple.
  2821 | Temple   | Entered the Ecumenical Temple
  2984 | Temple   | Became a worshipper of Makhleb the Destroyer
  3191 | D:5      | Entered Level 5 of the Dungeon
  3246 | D:5      | Reached skill level 5 in Shields
  3270 | D:5      | Noticed Eustachio
  3305 | D:5      | Killed Eustachio
  3305 | D:5      | Reached skill level 5 in Armour
  3305 | D:5      | Reached XP level 7. HP: 54/66 MP: 7/7
  3367 | D:5      | Found a white marble altar of Elyvilon.
  3482 | D:5      | Demolished by an ogre

Action                   |  1- 3 |  4- 6 |  7- 9 || total
-------------------------+-------+-------+-------++-------
Melee: War axe           |   120 |    95 |    42 ||   257
       Flail             |       |    88 |       ||    88
Evoke: Wand              |     1 |     3 |     1 ||     5
  Use: Scroll            |       |     5 |     2 ||     7
       Potion            |       |     1 |       ||     1
  Eat: Chunk             |     1 |     4 |       ||     5
       Meat ration       |       |     1 |       ||     1
